 Dungeon Crawl Stone Soup version 0.31.0-9-g3a7656b989 (webtiles) character file.

Game seed: 2945969209291047561

17882 Killerpretzel the Covert (level 12, 0/51 HPs)
             Began as a Felid Air Elementalist on Feb 2, 2024.
             Was an Initiate of Gozag.
             Killed by their own static electricity (2 damage)
             ... on level 13 of the Dungeon.
             The game lasted 01:17:36 (25042 turns).

Killerpretzel the Covert (Felid Air Elementalist)  Turns: 25042, Time: 01:17:36

Health: 0/51       AC: 11    Str:  4    XL:     12   Next: 22%
Magic:  14/24      EV: 25    Int: 24    God:    Gozag
Gold:   561        SH:  0    Dex: 17    Spells: 19/26 levels left
                                        Lives:  0   Deaths: 4

rFire   . . .        (weapon unavailable)
rCold   + . .        (shield unavailable)
rNeg    . . .        (body armour unavailable)
rPois   .            (helmet unavailable)
rElec   .            (cloak unavailable)
rCorr   .            (gloves unavailable)
SInv    +            (boots unavailable)
Will    +....        (no amulet)
Stlth   +++++        h - +4 ring of protection
HPRegen 0.28/turn    f - +4 ring of protection
MPRegen 0.19/turn

%: no passive effects
@: gold aura
A: very small, claws 1, fangs 3, see invisible, shaggy fur 3, stealthy paws, no
weapons or thrown items, no armour, multi-lived
a: Renounce Religion, Potion Petition, Call Merchant, Bribe Branch


You were on level 13 of the Dungeon.
You worshipped Gozag.
Gozag was pleased with you.
You visited 2 branches of the dungeon, and saw 15 of its levels.

You collected 2286 gold pieces.
You spent 936 gold pieces at shops.
You paid 789 gold pieces to Gozag.

Inventory:

Jewellery
 e - a ring of protection from cold
 f - a +4 ring of protection (right paw)
 h - a +4 ring of protection (left paw)
 o - a ring of protection from cold
 x - a ring of positive energy
 z - a ring of resist corrosion
Wands
 p - a wand of roots (5)
Scrolls
 a - 6 scrolls of identify
 g - a scroll of vulnerability
 j - a scroll of torment {unknown}
 m - 3 scrolls of revelation
 n - 3 scrolls of teleportation
 w - 2 scrolls of immolation
 y - a scroll of brand weapon
Potions
 b - 2 potions of resistance
 c - 2 potions of brilliance
 d - 8 potions of curing
 i - 6 potions of heal wounds
 k - 2 potions of might
 l - 2 potions of mutation {unknown}
 r - a potion of cancellation {unknown}
 s - a potion of ambrosia {unknown}
 u - a potion of enlightenment {unknown}
 v - a potion of degeneration {unknown}
 A - a potion of attraction {unknown}


   Skills:
 + Level 11.2 Dodging
 + Level 12.2 Stealth
 + Level 7.8 Spellcasting
 + Level 7.5 Conjurations
 * Level 11.3 Air Magic


You had 19 spell levels left.
You knew the following spells:

 Your Spells              Type           Power      Damage    Failure   Level
a - Shock                 Conj/Air       100%       1d9       1%          1
b - Static Discharge      Conj/Air       100%       3-8/arc   1%          2
c - Airstrike             Air            29%        2d(5-21)  1%          4

Your spell library contained the following spells:

 Spells                   Type           Power      Damage    Failure   Level
 Foxfire                  Conj/Fire      100%       2x1d9     1%          1
 Magic Dart               Conj           100%       1d8       1%          1
 Searing Ray              Conj           90%        2d7       1%          2
 Swiftness                Air            59%        N/A       1%          3
 Call Imp                 Summ           18%        N/A       10%         2
 Flame Wave               Conj/Fire      27%        2d9       14%         4
 Fulminant Prism          Conj/Alch      13%        3d9       14%         4
 Frozen Ramparts          Ice            18%        1d3       21%         3
 Inner Flame              Hex/Fire       9%         N/A       21%         3
 Anguish                  Hex/Necr       4%         N/A       54%         4
 Cause Fear               Hex            4%         N/A       54%         4
 Leda's Liquefaction      Alch/Erth      4%         N/A       54%         4
 Petrify                  Alch/Erth      9%         N/A       54%         4
 Sticky Flame             Fire/Alch      9%         2d5       54%         4
 Plasma Beam              Fire/Air       18%        2x1d29    69%         6
 Metabolic Englaciation   Hex/Ice        4%         N/A       88%         5
 Starburst                Conj/Fire      13%        6d6       91%         6
 Enfeeble                 Hex            4%         N/A       100%        7
 Haunt                    Necr/Summ      4%         N/A       100%        7
 Spellforged Servitor     Conj/Summ      13%        N/A       100%        7
 Borgnjor's Revivificati  Necr           4%         N/A       100%        8
 Death's Door             Necr           4%         N/A       100%        9


Dungeon Overview and Level Annotations

Branches:
Dungeon (14/15)            Temple (1/1) D:7            Lair (0/5) D:8
    Orc (0/2) D:12         Vaults (0/5) D:14

Altars:
Ashenzari
Cheibriados
Dithmenos
Elyvilon
Fedhas
Gozag
Hepliaklqana
Kikubaaqudgha
Makhleb
Nemelex Xobeh
Okawaru
Qazlal
Ru
Sif Muna
Trog
Uskayaw
Vehumet
Wu Jian
Xom
Yredelemnul
Zin
The Shining One

Shops:
D:1 :   D:5 *   D:7 *   D:10 (   D:12 (=?*(

Annotations:
D:4 exclusion: downstairs
D:5 2 transporters
D:9 exclusion: door, Erolcha, Maurice
D:10 exclusion: door
D:12 exclusion: downstairs
D:13 exclusions: centaur warrior, downstairs and efreet


Innate Abilities, Weirdness & Mutations

You have sharp claws.
You have razor-sharp teeth.
You have supernaturally acute eyesight. (SInv)
Your thick and shaggy fur keeps you warm. (AC +3, rC+)
Your paws help you pounce on unaware monsters.
You are incapable of wielding weapons or throwing items.
You cannot wear armour.
You gain extra lives every three experience levels.


Message History

* * * LOW HITPOINT WARNING * * *
The orc knight is struck by an arc of lightning.
The orc knight is severely wounded.
You are struck by an arc of lightning.
* * * LOW HITPOINT WARNING * * *
The lightning grounds out.
The orc knight misses you.
Casting: Static Discharge (safe; 1% risk of failure)
Confirm with . or Enter, or press ? or * to list all spells.
The orc knight is struck by an arc of lightning.
The orc knight is severely wounded.
You are struck by an arc of lightning.
* * * LOW HITPOINT WARNING * * *
The human is struck by an arc of lightning.
The human is moderately wounded.
You are struck by an arc of lightning.
The human is struck by an arc of lightning.
The human is moderately wounded.
You are struck by an arc of lightning.
* * * LOW HITPOINT WARNING * * *
The human is struck by an arc of lightning!
The human is severely wounded.
The lightning grounds out.
The human completely misses you.
The orc knight hits you with a +2 great sword of freezing.
* * * LOW HITPOINT WARNING * * *
Casting: Static Discharge (safe; 1% risk of failure)
Confirm with . or Enter, or press ? or * to list all spells.
The orc knight is struck by an arc of lightning.
The orc knight is severely wounded.
You are struck by an arc of lightning.
* * * LOW HITPOINT WARNING * * *
The human is struck by an arc of lightning.
The human is severely wounded.
You are struck by an arc of lightning.
* * * LOW HITPOINT WARNING * * *
The lightning grounds out.
The human is struck by an arc of lightning.
The human is almost dead.
You are struck by an arc of lightning.
You die...
Your body crumbles into a pile of gold.

#.[..)......'..##..c
#.........).#####.c
#...........# ###+##
#...........# #..#
#####..###### ##.#
####.## #####.##
#.<...# ####......#
#.....#####.........#
#.....'o@p..##..>...#
#.....########......#
## #.....#
#......####. #.....#
#.^....#...= #.....#
#........# #.....#
#......### #.....#
#......# #.....#
#......# ##'####
#####.##


You could see an orc knight and a human.

Vanquished Creatures
  Erica (D:10)
  A centaur warrior (D:13)
  2 two-headed ogres (D:11)
  A tengu warrior (D:13)
  A deep elf pyromancer (D:13)
  3 ugly things
  3 cyclopes
  2 manticores
  A gargoyle (D:11)
  An unseen horror (D:11)
  2 kobold demonologists (D:12)
  2 komodo dragons
  2 trolls
  6 slime creatures
  21 yaks
  2 wraiths
  3 humans
  2 steam dragons
  A naga (shapeshifter) (D:13)
  2 water moccasins
  Duvessa (D:7)
  4 orc warriors
  4 sky beasts
  3 black bears
  4 centaurs
  A phantom (D:6)
  4 kobold brigands
  8 bullfrogs
  A gnoll sergeant (D:12)
  4 scorpions
  Dowan (D:7)
  4 wights (D:9)
  5 electric eels (D:10)
  4 howler monkeys
  2 hounds
  6 orc priests
  2 sleepcaps (D:6)
  5 iguanas
  12 orc wizards
  9 gnolls
  8 adders
  2 shadow imps (D:7)
  2 ufetubi (D:7)
  A dart slug (D:2)
  2 ribbon worms
  46 orcs
  5 bats
  3 endoplasms
  4 giant cockroaches
  8 goblins
  8 hobgoblins
  10 jackals
  18 kobolds
  4 quokkas
  7 ball pythons
  A frilled lizard (D:1)
  5 rats
277 creatures vanquished.

Vanquished Creatures (others)
  A human (D:14)
1 creature vanquished.

Grand Total: 278 creatures vanquished

Notes
Turn   | Place    | Note
-------+----------+-------------------------------------------
     0 | D:1      | Killerpretzel the Felid Air Elementalist began the quest
                  | for the Orb.
     0 | D:1      | Reached XP level 1. HP: 9/9 MP: 4/4
   276 | D:1      | Reached skill level 1 in Conjurations
   408 | D:1      | Found Rinich's Book Shop.
   457 | D:1      | Reached XP level 2. HP: 12/13 MP: 0/6
   604 | D:1      | Reached skill level 3 in Stealth
   607 | D:1      | Learned a level 2 spell: Static Discharge
   922 | D:1      | Found a faded altar of an unknown god.
  1227 | D:2      | Reached XP level 3. HP: 16/16 MP: 4/7
  2224 | D:2      | Reached XP level 4. HP: 21/21 MP: 3/8
  2224 | D:2      | Gained a life (2 lives remaining)
  2319 | D:2      | Learned a level 4 spell: Airstrike
  2681 | D:3      | Found a snail-covered altar of Cheibriados.
  3100 | D:3      | HP: 1/21 [gnoll/+0 spear (3)]
  3101 | D:3      | Killed from afar by themself
  3101 | D:3      | Lost a life (1 life remaining)
  3596 | D:3      | Reached XP level 5. HP: 11/18 MP: 2/9
  3872 | D:3      | Killed from afar by themself
  3872 | D:3      | Lost a life (0 lives remaining)
  4000 | D:3      | Reached skill level 4 in Stealth
  4217 | D:3      | Found an ornate altar of the Wu Jian Council.
  4678 | D:4      | Found a stormy altar of Qazlal.
  4694 | D:4      | Found a blossoming altar of Fedhas.
  4822 | D:4      | Gained mutation: You are covered in thick fur. (AC +2)
                  | [Felid growth]
  4822 | D:4      | Reached XP level 6. HP: 27/28 MP: 1/11
  5600 | D:4      | Reached skill level 5 in Stealth
  5600 | D:4      | Reached XP level 7. HP: 23/32 MP: 7/12
  5600 | D:4      | Gained a life (1 life remaining)
  5794 | D:5      | Entered Level 5 of the Dungeon
  5794 | D:5      | Found a transporter.
  6278 | D:5      | Found Garghavy's Fire Supplies.
  6302 | D:5      | Found a basalt altar of Yredelemnul.
  6306 | D:5      | Noticed a two-headed ogre
  6332 | D:5      | Reached skill level 5 in Air Magic
  6493 | D:5      | Found a transporter.
  6612 | D:5      | Reached skill level 5 in Dodging
  6884 | D:5      | Found a shimmering blue altar of Sif Muna.
  7997 | D:6      | Reached skill level 6 in Stealth
  7997 | D:6      | Reached XP level 8. HP: 32/36 MP: 2/14
  8469 | D:6      | Found a radiant altar of Vehumet.
  8525 | D:6      | Got the Book of Creative Exhumation
  9210 | D:7      | Found Taruj's Tempting Trifles.
  9320 | D:7      | Noticed Dowan
  9346 | D:7      | Noticed Duvessa
  9399 | D:7      | Found a staircase to the Ecumenical Temple.
  9408 | Temple   | Entered the Ecumenical Temple
  9479 | Temple   | Became a worshipper of Gozag Ym Sagoz the Greedy
  9516 | D:7      | Killed Duvessa
  9603 | D:7      | Killed Dowan
  9991 | D:7      | Reached skill level 7 in Stealth
 10360 | D:7      | Found a sacrificial altar of Ru.
 10490 | D:7      | Reached XP level 9. HP: 36/39 MP: 0/17
 13217 | D:8      | Found a staircase to the Lair.
 13311 | D:8      | Reached skill level 5 in Spellcasting
 13550 | D:8      | Reached skill level 8 in Stealth
 14031 | D:8      | Reached skill level 5 in Conjurations
 14460 | D:8      | Reached XP level 10. HP: 44/44 MP: 10/19
 14460 | D:8      | Gained a life (2 lives remaining)
 15041 | D:9      | Found an iron altar of Okawaru.
 15053 | D:9      | Reached skill level 9 in Stealth
 15547 | D:9      | Noticed Maurice
 15552 | D:9      | Noticed Erolcha
 16108 | D:9      | You fall into a shaft and drop 1 floor!
 16108 | D:10     | Entered Level 10 of the Dungeon
 17025 | D:10     | Noticed Erica
 17025 | D:10     | Found Goceeps's Weapon Emporium.
 17028 | D:10     | Slain by Erica
 17028 | D:10     | Lost a life (1 life remaining)
 17118 | D:10     | Killed Erica
 17330 | D:10     | Reached skill level 10 in Stealth
 18219 | D:10     | Noticed an orc knight
 18345 | D:10     | Reached XP level 11. HP: 47/47 MP: 12/21
 19172 | D:11     | Noticed a two-headed ogre
 19178 | D:11     | Killed a two-headed ogre
 19462 | D:11     | Reached skill level 10 in Air Magic
 19691 | D:11     | Reached skill level 10 in Dodging
 19759 | D:11     | Noticed a two-headed ogre
 19763 | D:11     | Killed a two-headed ogre
 20415 | D:11     | Reached skill level 11 in Stealth
 20619 | D:12     | Found Citwatzu's Magic Scroll Shoppe.
 20953 | D:12     | Noticed a green ugly thing
 20958 | D:12     | Killed a green ugly thing
 21582 | D:12     | Found Qisanam's Antique Weapon Boutique.
 21821 | D:12     | Found Saud's Assorted Antiques.
 21833 | D:12     | Found a staircase to the Orcish Mines.
 22476 | D:12     | Found Selosuom's Antique Weapon Emporium.
 22655 | D:12     | Bought a scroll of acquirement for 936 gold pieces
 22655 | D:12     | Acquired a ring of resist corrosion
 22814 | D:13     | Noticed a centaur warrior
 22832 | D:13     | Noticed a deep elf pyromancer
 22834 | D:13     | Killed a deep elf pyromancer
 23395 | D:13     | Noticed a centaur warrior
 23599 | D:13     | Noticed a purple ugly thing
 23623 | D:12     | Killed a purple ugly thing
 23624 | D:12     | Gained mutation: Your thick and shaggy fur keeps you warm.
                  | (AC +3, rC+) [Felid growth]
 23624 | D:12     | Reached XP level 12. HP: 46/51 MP: 0/24
 24177 | D:13     | Reached skill level 12 in Stealth
 24355 | D:13     | Noticed a tengu warrior
 24358 | D:13     | Killed a tengu warrior
 24820 | D:14     | Noticed a boulder beetle
 24848 | D:13     | Shot with an arrow by a centaur warrior
 24848 | D:13     | Lost a life (0 lives remaining)
 24869 | D:13     | Killed a centaur warrior
 25035 | D:14     | Noticed a centaur warrior
 25035 | D:14     | Noticed a boulder beetle
 25035 | D:14     | Noticed a centaur warrior
 25035 | D:14     | Found a gate to the Vaults.
 25042 | D:13     | HP: 2/51 [/static electricity (2)]
 25042 | D:13     | Killed from afar by themself

Illustrated notes

Levels and vault maps discovered:
D:1:      mrwooster_arrival_statue_2, layout_loops_ring, serial_shops, shop,
          ebering_ecumenical_altar_box
D:2:      layout_basic, serial_bayou_lagoon_b
D:3:      layout_basic, mainiacjoe_overflow_alcove_2, lemuel_tele_altar,
          nicolae_figureground_pulse
D:4:      layout_basic, mainiacjoe_overflow_surrounded_room,
          mainiacjoe_overflow_alcove_1, chequers_serial_rivers_small_3,
          minmay_misc_feat_more_columns
D:5:      layout_rooms, gammafunk_temple_overflow_arena,
          mainiacjoe_overflow_concentric_impassable, nicolae_zen_rock_garden,
          nicolae_shop_fire_sale [nicolae_sub_dead_trees], serial_bayou_lake_a
D:6:      layout_loops_corners, lemuel_coloured_pillars_altar,
          minmay_starry_boxes
D:7:      layout_rooms, nicolae_ru_path_of_blood,
          minmay_temple_entry_water_ring, serial_demonic, serial_demonic_c,
          serial_demonic_f, serial_demonic_d, serial_demonic_d,
          serial_demonic_c, serial_demonic_a, nicolae_alphabet_shops,
          grunt_ministairs_1, serial_bayou_pond_e, uniq_duvessa
D:8:      layout_basic, due_lair_maze_entry_diamond
D:9:      layout_stronghold, okawaru_humans, minmay_misc_feat_tower,
          uniq_maurice, uniq_erolcha
D:10:     nicolae_moon_pools, layout_loops_ring, nicolae_stop_n_shop_1,
          small_statue_alley_a, lightli_church_of_beogh, uniq_erica
D:11:     layout_long_grid, roderic_lattice_a
D:12:     layout_cave_pools, orc_0_dummy, serial_shops,
          nicolae_shop_advertising_works [nicolae_subvault_shop_adworks],
          nicolae_diamond_shop, nicolae_shop_overgrown_old_shop, shop_fountains
D:13:     layout_roguey, kennysheep_opposing_triangles
D:14:     layout_long_grid, david_vaults_3, reono_crystal_passage,
          minmay_door_square, led_sif_pool, uniq_louise
Temple:   dshaligram_water_room_temple

Skill      XL: |  1  2  3  4  5  6  7  8  9 10 11 12 |
---------------+-------------------------------------+-----
Conjurations   | 1 2 3 4 5 6 7 |  7.5
Stealth        | 3 4 5 6 7 8 10 11 12 | 12.2
Dodging        | 3 4 5 6 8 9 10 11 | 11.2
Air Magic      | 3 4 5 6 8 9 11 | 11.3
Spellcasting   | 3 4 5 6 7 |  7.8

Action                     |  1- 3 |  4- 6 |  7- 9 | 10-12 || total
---------------------------+-------+-------+-------+-------++-------
  Melee: Unarmed           |    45 |       |    18 |    19 ||    82
         Bite              |     3 |       |     4 |     7 ||    14
         Punch             |       |       |     1 |       ||     1
   Cast: Shock             |    99 |   103 |   135 |    45 ||   382
         Static Discharge  |       |    32 |    53 |    68 ||   153
         Airstrike         |       |       |    66 |   191 ||   257
 Invoke: Call Merchant     |       |       |       |     1 ||     1
  Evoke: Wand              |       |       |     2 |     7 ||     9
    Use: Scroll            |     4 |     4 |     3 |     6 ||    17
         Potion            |       |     2 |     3 |     3 ||     8
 Armour: Skin              |    19 |    57 |   113 |   135 ||   324
  Dodge: Dodged            |    59 |    49 |    71 |   119 ||   298
